Map: [ESL] Alcyone

Players

Spirit - Winner!

  • Race: Terran Terran
  • Spawn Location: 1:00

ShaDoWn

  • Race: Protoss Protoss
  • Spawn Location: 7:00

Event: ESL SC2 Masters 2024 Spring (Regional)

VOD

Have the link to the VOD?

Description

Time

  • Played on: April 12, 2024, 12:14 p.m.
  • Length: 5:14

All games in this series

Show
View Real Time Build Order
Export as new Build Order

Spirit Terran - Winner!

Build Orders: Gas First Reaper Expand 

Get SALT Encoding   

  12  0:00  SCV  
  13  0:12  SCV  
  14  0:16  Supply Depot  
  14  0:24  SCV  
  15  0:29  Refinery  
  15  0:38  SCV  
  16  0:44  Barracks  
  16  0:50  SCV  
  17  1:02  SCV  
  18  1:14  SCV  
  19  1:31  Orbital Command, Reaper  
  20  1:44  Command Center  
  20  1:52  Factory  
  20  1:58  SCV  
  21  2:07  Barracks Reactor  
  21  2:09  Supply Depot  
  21  2:10  SCV  
  22  2:16  Refinery  
  22  2:22  SCV  
  23  2:34  SCV  
  24  2:45  Starport  
  24  2:47  Hellion x2  
  24  2:50  SCV  
  29  3:02  SCV  
  30  3:09  Hellion x2  
  34  3:14  SCV, Orbital Command  
  35  3:21  Medivac  
  35  3:26  SCV  
  38  3:30  Supply Depot, Bunker  
  38  3:38  Factory Tech Lab, Marine x2  
  38  3:39  SCV  
  38  3:40  SCV  
  42  3:51  SCV  
  42  3:52  SCV  
  44  3:57  Siege Tank  
  44  3:59  Marine  
  48  4:03  SCV  
  48  4:05  SCV  
  49  4:15  SCV, Barracks  
  49  4:17  SCV  
  51  4:23  Barracks  
  49  4:27  SCV  
  49  4:29  Siege Tank  
  49  4:32  SCV  
  49  4:36  Engineering Bay  
  46  4:39  SCV, Supply Depot  
  46  4:40  Supply Depot, Marine  
  46  4:41  Refinery, Marine  
  46  4:44  SCV  
  50  4:51  SCV  
  51  4:56  SCV  
Show
View Real Time Build Order
Export as new Build Order

ShaDoWn Protoss 

Build Orders: 1 Gate Expand, Blink Stalkers 

Get SALT Encoding   

  12  0:00  Probe  
  13  0:12  Probe  
  14  0:17  Pylon  
  14  0:24  Probe (Chrono Boost)  
  15  0:35  Gateway  
  15  0:37  Probe (Chrono Boost)  
  15  0:42  Assimilator  
  16  0:46  Probe (Chrono Boost)  
  17  0:52  Probe  
  18  1:04  Probe  
  19  1:16  Probe  
  20  1:21  Cybernetics Core  
  20  1:31  Nexus  
  20  1:38  Pylon  
  20  1:42  Probe  
  21  1:48  Assimilator  
  21  1:54  Probe, Adept (Chrono Boost)  
  22  2:00  Warp Gate  
  24  2:06  Probe (Chrono Boost)  
  26  2:16  Probe (Chrono Boost)  
  26  2:18  Twilight Council  
  26  2:21  Probe (Chrono Boost)  
  26  2:28  Stalker  
  29  2:32  Probe  
  30  2:45  Probe (Chrono Boost)  
  30  2:49  Blink (Chrono Boost)  
  30  2:50  Probe (Chrono Boost)  
  32  2:54  Probe (Chrono Boost)  
  32  2:58  Probe (Chrono Boost)  
  34  2:59  Probe (Chrono Boost)  
  35  3:06  Gateway  
  35  3:08  Probe  
  35  3:11  Probe  
  37  3:16  Robotics Facility  
  37  3:20  Probe  
  37  3:23  Probe  
  39  3:27  Gateway  
  39  3:33  Probe  
  40  3:35  Probe  
  40  3:38  Pylon  
  41  3:45  Probe  
  41  3:47  Probe  
  43  3:49  Stalker  
  45  3:57  Probe  
  45  4:05  Stalker  
  45  4:06  Probe  
  42  4:12  Stalker  
  42  4:14  Probe  
  39  4:18  Probe  
  37  4:29  Probe  
  31  4:36  Probe (Chrono Boost)  
  32  4:40  Nexus  
  32  4:44  Probe (Chrono Boost)  
  33  4:51  Probe (Chrono Boost)  
  34  4:53  Observer  
  34  4:54  Probe (Chrono Boost)  
  37  5:00  Probe (Chrono Boost)  
  37  5:03  Probe (Chrono Boost)  
  37  5:05  Probe (Chrono Boost)  
Tags
 
Add a new tag
Caveats
  • Supply blocks, unpowered buildings, or Contaminate may cause inaccurate times.
  • Supply counts are checked every 10 seconds.